 Dungeon Crawl Stone Soup version 0.23.2-33-g5129a83184 (webtiles) character file.

Game seed: 15541456091670359607

79 mikogus the Charmwright (level 4, 0/34 HPs)
             Began as a Merfolk Skald on July 14, 2019.
             Succumbed to an adder's poison
             ... on level 2 of the Dungeon.
             The game lasted 00:09:06 (1856 turns).

mikogus the Charmwright (Merfolk Skald)             Turns: 1856, Time: 00:09:06

Health: 0/34       AC:  3    Str: 12    XL:     4   Next: 37%
Magic:  5/7        EV: 18    Int: 12    God:
Gold:   48         SH:  0    Dex: 18    Spells: 6/7 levels left

rFire    . . .     SeeInvis .   a - +1 spear
rCold    . . .     Gourm    .   (no shield)
rNeg     . . .     Faith    .   l - +0 leather armour
rPois    .         Spirit   .   (no helmet)
rElec    .         Reflect  .   (no cloak)
rCorr    .         Harm     .   (no gloves)
MR       .....                  (no boots)
Stlth    ++........             (no amulet)
HPRegen  0.11/turn              (no ring)
MPRegen  0.10/turn              (no ring)

@: agile, lethally poisoned (0 -> -4), infused (expiring), very slightly
contaminated, hasted, very quick
A: change form in water, swift swim, stealthy swim
a: no special abilities


You were on level 2 of the Dungeon.
You were not hungry.

You visited 1 branch of the dungeon, and saw 2 of its levels.

You collected 48 gold pieces.

Inventory:

Hand Weapons
 a - a +1 spear (weapon)
 g - a +0 dagger
Missiles
 j - 6 tomahawks (quivered)
Armour
 b - a +0 leather armour
 c - a +0 pair of gloves
 f - a +0 scale mail
 l - a +0 leather armour (worn)
Scrolls
 i - a scroll of identify
Comestibles
 d - 4 rations


   Skills:
 + Level 2.8 Fighting
 + Level 3.6 Polearms
 + Level 1.5 Armour
 + Level 3.3 Dodging
 + Level 0.2 Stealth
 + Level 2.1 Spellcasting
 + Level 3.9 Charms


You had 6 spell levels left.
You knew the following spells:

 Your Spells              Type           Power        Failure   Level  Hunger
a - Infusion              Chrm           ##..         7%          1    ##.....

Your spell library contained the following spells:

 Spells                   Type           Power        Failure   Level  Hunger
 Song of Slaying          Chrm           ##......     11%         2    ###....
 Shroud of Golubria       Chrm/Tloc      #.........   22%         2    ###....
 Regeneration             Chrm/Necr      #.........   41%         3    ####...
 Spectral Weapon          Hex/Chrm       #.......     41%         3    ####...


Dungeon Overview and Level Annotations

Branches:
Dungeon (2/15)

Altars:
Ashenzari
Zin


Message History

You feel sick.
* * * LOW HITPOINT WARNING * * *
You feel sick.
You see here an adder corpse.
You aren't carrying any potions.
* * * LOW HITPOINT WARNING * * *
You feel sick.
A bat comes into view.
* * * LOW HITPOINT WARNING * * *
You feel sick.
Found 22 bolts.
Found a stone staircase leading up.
Your magical infusion is running out.
* * * LOW HITPOINT WARNING * * *
You feel sick.
You see here a ration.
d - 4 rations (gained 1)
* * * LOW HITPOINT WARNING * * *
You feel sick.
A rat comes into view.
You die...

#..# #...# +_
#...# ##. #+
#...# #.. #.
#...# #..###(
###...#+########
##.....(
#...............
...#....
#...#....<......
#.....
#####...........
#..†..
#.....@.......
#....(
#.#..b........
#.....
...#......(...r
#.....
#................
#.....
##.#####.########
#..... .. #.#
#..... #.# #..†..
..# ####'# #.#


You could see a bat (sleeping) and a rat (sleeping).

Vanquished Creatures
  3 adders (D:2)
  An ooze (D:2)
  A dart slug (D:2)
  2 leopard geckos (D:1)
  A giant cockroach (D:1)
  2 hobgoblins (D:1)
  6 jackals (D:1)
  3 kobolds
  A quokka (D:2)
  A ball python (D:2)
  4 bats
  12 frilled lizards
  4 goblins
  5 rats
46 creatures vanquished.

Notes
Turn   | Place    | Note
-------+----------+-------------------------------------------
     0 | D:1      | mikogus the Merfolk Skald began the quest for the Orb.
     0 | D:1      | Reached XP level 1. HP: 16/16 MP: 3/3
   136 | D:1      | Reached XP level 2. HP: 17/22 MP: 0/5
   661 | D:1      | Reached XP level 3. HP: 26/28 MP: 6/6
  1349 | D:2      | Found a glowing silver altar of Zin.
  1375 | D:2      | Reached skill level 1 in Armour
  1417 | D:2      | Found a shattered altar of Ashenzari.
  1592 | D:2      | Reached XP level 4. HP: 30/34 MP: 7/7
  1853 | D:2      | HP: 1/34 [poisoned by an adder]
  1856 | D:2      | Succumbed to an adder's poison

Skill      XL: |  1  2  3 |
---------------+----------+-----
Dodging        | 3 |  3.3
Armour         | 1 |  1.5
Fighting       | |  2.8
Polearms       | |  3.6
Stealth        | |  0.2
Spellcasting   | |  2.1
Charms         | |  3.9

Action                   |  1- 3 |  4- 6 || total
-------------------------+-------+-------++-------
Melee: Spear             |   156 |    40 ||   196
 Cast: Infusion          |     2 |     1 ||     3
  Use: Scroll            |       |     3 ||     3
       Potion            |       |     2 ||     2
 Stab: Distracted        |     1 |       ||     1
  Eat: Chunk             |     2 |     1 ||     3
Armor: Leather armour    |    16 |     3 ||    19
       Scale mail        |    40 |       ||    40
Dodge: Dodged            |    87 |    26 ||   113
